 Dungeon Sprint DCSS version 0.23.2-30-g0e89c35649 (webtiles) character file.

Game seed: 9224567773248671564

144 HASTUR3 the Insei (level 5, -18/33 HPs)
             Began as an Octopode Transmuter on June 19, 2019.
             Collided with a stone wall (20 damage)
             ... caused by a deep elf mage
             ... in the Dungeon (Sprint III: "The Ten Rune Challenge").
             The game lasted 00:03:24 (544 turns).

HASTUR3 the Insei (Octopode Transmuter)              Turns: 544, Time: 00:03:24

Health: -18/33     AC:  2    Str:  8    XL:     5   Next: 27%
Magic:  8/11       EV: 19    Int: 16    God:
Gold:   29         SH:  0    Dex: 17    Spells: 2/11 levels left

rFire    . . .     SeeInvis .     - Unarmed
rCold    . . .     Gourm    .   (shield currently unavailable)
rNeg     . . .     Faith    .   (helmet currently unavailable)
rPois    x         Spirit   .   (no amulet)
rElec    .         Reflect  .   (no ring)
rCorr    .         Harm     .   (no ring)
MR       .....     NoTele   +   (no ring)
Stlth    ++........             (no ring)
HPRegen  0.11/turn              (no ring)
MPRegen  0.12/turn              (no ring)
                                (no ring)
                                (no ring)

@: spider-form
A: tiny, almost no armour, stealthy swim, (amphibious), 8 rings, (constrict 8),
high mp 1, weak 1, wild magic 1, MP-powered wands
a: End Transformation


You were in the Dungeon.
You were not hungry.
You were a venomous arachnid creature.
You visited 1 branch You collected 29 gold pieces.

Inventory:

Missiles
 a - 12 arrows
Scrolls
 i - a scroll of blinking
 k - a scroll of immolation {unknown}
 l - 4 scrolls of identify
 m - 4 scrolls of remove curse
 p - a scroll of torment {unknown}
Potions
 d - a potion of curing
 e - a potion of heal wounds
 f - a potion of haste
 g - 2 potions of magic
 h - a potion of berserk rage
 n - a potion of ambrosia {unknown}
 o - 4 potions of flight
Comestibles
 b - 2 chunks of flesh
 c - 3 rations


   Skills:
 - Level 1.0 Fighting
 - Level 2.0 Dodging
 - Level 6.6 Unarmed Combat
 - Level 3.5 Spellcasting
 + Level 6.5 Transmutations
 - Level 4.8 Poison Magic


You had 2 spell levels left.
You knew the following spells:

 Your Spells              Type           Power        Failure   Level  Hunger
a - Beastly Appendage     Tmut           ####..       10%         1    None
b - Spider Form           Tmut/Pois      ####......   21%         3    ###....
c - Blade Hands           Tmut           ####......   65%         5    ######.

Your spell library contained the following spells:

 Spells                   Type           Power        Failure   Level  Hunger
 Sticks to Snakes         Tmut           ####....     12%         2    ##.....
 Ice Form                 Ice/Tmut       ###.....     73%         4    ####...


Dungeon Overview and Level Annotations

Branches:
Dungeon (1/1)

Altars:
Elyvilon
Zin
The Shining One


Innate Abilities, Weirdness & Mutations

You cannot wear most types of armour.
You are very stealthy in the water. (Stealth+)
((You are amphibious.))
You can wear up to eight rings at the same time.
((You can use your tentacles to constrict eight enemies at once.))
((Your skin changes colour to match your surroundings (Stealth+).))
((Your rubbery body absorbs attacks. (AC +1, EV +1)))
((You are partially covered in large bone plates. (SH +4)))
((Your flesh is heat resistant. (rF+)))
You have an increased reservoir of magic. (+10% MP)
You are weak. (Str -2)
Your spells are a little harder to cast, but a little more powerful.
You expend magic power (3 MP) to strengthen your wands.


Message History

The deep elf mage picks up a potion of heal wounds.
There is an open door here.
The deep elf mage closely misses you.
You hit the deep elf mage.
The deep elf mage is poisoned.
The deep elf mage is lightly wounded.
The deep elf mage casts a spell at you. The magic dart hits you!
You hit the deep elf mage.
The deep elf mage is moderately wounded.
The deep elf mage misses you.
You barely miss the deep elf mage.
The deep elf mage is moderately wounded.
The deep elf mage gestures at you while chanting.
The lance of force hits you!!
Ouch! That really hurt!
* * * LOW HITPOINT WARNING * * *
You are knocked back by the lance of force.
You slam into the stone wall!
Ouch! That really hurt!
You die...

▓▓▓▓▓▓▓▓ ▓▓▓ .'.....♣♣
♣.##### .#......♣
♣♣.#___# ##....♣♣♣
♣..#e.s#
.#....≈♣♣♣♣..###'#+###+#
.#...≈≈..♣♣♣.#..........
.#..≈≈≈≈♣.♣..'.⌠........
'#..≈≈≈≈≈≈♣..#...######+
.#.≈≈≈≈≈≈....#.⌠.#
.#.≈≈≈≈≈.....#...#
.#.≈≈≈.......#+###
##...........#


You could see a deep elf mage.

Vanquished Creatures
  A water elemental (D)
  Crazy Yiuf (D)
  Jessica (D)
  A human (D)
  2 oozes (D)
  A rat (D)
7 creatures vanquished.

Vanquished Creatures (others)
  2 draconian scorchers (D)
  A yaktaur (D)
  6 hellions (D)
9 creatures vanquished.

Grand Total: 16 creatures vanquished

Notes
Turn   | Place    | Note
-------+----------+-------------------------------------------
     0 | D        | HASTUR3 the Octopode Transmuter began the quest for the
                  | Orb.
     0 | D        | Reached XP level 1. HP: 13/13 MP: 3/3
    13 | D        | Reached skill level 5 in Unarmed Combat
    13 | D        | Reached XP level 2. HP: 10/18 MP: 5/5
    97 | D        | Killed a yaktaur
   143 | D        | Noticed Jessica
   153 | D        | Killed Jessica
   153 | D        | Reached skill level 5 in Transmutations
   153 | D        | Reached XP level 3. HP: 16/23 MP: 6/6
   159 | D        | Killed a white draconian scorcher
   161 | D        | Learned a level 3 spell: Spider Form
   169 | D        | Killed a hellion
   172 | D        | Killed a hellion
   198 | D        | Killed a white draconian scorcher
   208 | D        | Killed a hellion
   208 | D        | Killed a hellion
   209 | D        | Killed a hellion
   259 | D        | Noticed Crazy Yiuf
   366 | D        | Killed a hellion
   399 | D        | Killed Crazy Yiuf
   399 | D        | Reached XP level 4. HP: 28/28 MP: 0/7
   434 | D        | Gained mutation: Your body sometimes deteriorates upon
                  | taking damage. [potion of mutation]
   434 | D        | Gained mutation: One of your tentacles bears a spike.
                  | [potion of mutation]
   434 | D        | Gained mutation: You tend to lose your temper in combat.
                  | [potion of mutation]
   434 | D        | Gained mutation: You expend magic power (3 MP) to
                  | strengthen your wands. [potion of mutation]
   435 | D        | Lost mutation: You tend to lose your temper in combat.
                  | [potion of mutation]
   435 | D        | Lost mutation: Your body sometimes deteriorates upon taking
                  | damage. [potion of mutation]
   435 | D        | Gained mutation: You can translocate small distances at
                  | will. [potion of mutation]
   435 | D        | Gained mutation: You are partially covered in icy blue
                  | scales. (AC +2) [potion of mutation]
   436 | D        | Lost mutation: One of your tentacles bears a spike. [potion
                  | of mutation]
   436 | D        | Lost mutation: You are partially covered in icy blue
                  | scales. (AC +2) [potion of mutation]
   436 | D        | Gained mutation: Your flesh is heat resistant. (rF+)
                  | [potion of mutation]
   436 | D        | Gained mutation: Your spells are a little harder to cast,
                  | but a little more powerful. [potion of mutation]
   436 | D        | Gained mutation: You are weak. (Str -2) [potion of
                  | mutation]
   436 | D        | Gained mutation: One of your tentacles bears a spike.
                  | [potion of mutation]
   437 | D        | Lost mutation: One of your tentacles bears a spike. [potion
                  | of mutation]
   437 | D        | Lost mutation: You can translocate small distances at will.
                  | [potion of mutation]
   437 | D        | Gained mutation: You have an increased reservoir of magic.
                  | (+10% MP) [potion of mutation]
   437 | D        | Gained mutation: You are partially covered in large bone
                  | plates. (SH +4) [potion of mutation]
   454 | D        | Noticed a water elemental
   469 | D        | Killed a water elemental
   469 | D        | Reached XP level 5. HP: 26/33 MP: 4/11
   533 | D        | Learned a level 5 spell: Blade Hands
   539 | D        | Found a glowing silver altar of Zin.
   539 | D        | Found a glowing golden altar of the Shining One.
   539 | D        | Found a white marble altar of Elyvilon.
   540 | D        | Noticed a deep elf mage
   544 | D        | Collided with a stone wall

Skill      XL: |  1  2  3  4 |
---------------+-------------+-----
Unarmed Combat | 5 6 |  6.6
Transmutations | 5 6 |  6.5
Poison Magic   | 4 |  4.8
Spellcasting   | 3 |  3.5
Fighting       | |  1.0
Dodging        | |  2.0

Action                   |  1- 3 |  4- 6 || total
-------------------------+-------+-------++-------
Melee: Unarmed           |    18 |    22 ||    40
       Tentacles         |     3 |     1 ||     4
       Constrict         |     1 |     1 ||     2
 Cast: Spider Form       |     2 |     2 ||     4
  Use: Potion            |       |     4 ||     4
 Stab: Sleeping          |     3 |       ||     3
Armor: Skin              |     1 |       ||     1
Dodge: Dodged            |     6 |    15 ||    21
